AoeStats
← Very ellegant player

Arena

509564736Analyzed
2v2 RM · 4d ago on Sep 27, 2026· 69m 13s· 4 players
Game mode
Random Map
Map size
Medium (4 player)
Population
200
Speed
Normal
Resources
Standard
Victory
Conquest
Starting age
Dark Age
Ending age
Imperial Age
RankedLock teamsTeams togetherTeam positionsShared explorationLock speedFull tech treeHidden civsTurbo modeCheats
Victory
Defeat
🇦🇷 Goths · Argentina
1186
+8
🇨🇱 Byzantines · Chile
874
+33
🇨🇭 Khmer · Switzerland
1007
-15
🇵🇱 Vietnamese · Poland
971
-13
Chopfab
12:36 Feudal Age
15:19 Castle Age
13:46 Double-Bit Axe
13:45 Horse Collar
16:42 Bow Saw
19:17 Heavy Plow
19:38 Gold Mining
19:46 Stone Mining
21:09 Loom
22:00 Wheelbarrow
28:04 Imperial Age
26:46 Gold Shaft Mining
26:21 Light Cavalry
28:35 Ballistics
29:02 Fletching
29:27 Forging
30:26 Chemistry
30:01 Hussar
30:36 Capped Ram
32:32 Crop Rotation
32:32 Husbandry
33:52 Heavy Scorpion
35:24 Double Crossbow
35:56 Bodkin Arrow
39:35 Bloodlines
39:59 Hand Cart
41:26 Siege Ram
43:22 Elite Ballista Elephant
54:27 Caravan
55:44 Bracer
56:20 Iron Casting
55:46 Padded Archer Armor
55:55 Scale Barding Armor
59:31 Blast Furnace
58:47 Leather Archer Armor
58:20 Crossbowman
58:57 Arbalester
60:23 Elite Skirmisher
szymi1990rbk
1:40 Loom
10:28 Feudal Age
11:56 Wheelbarrow
11:08 Double-Bit Axe
11:29 Horse Collar
16:02 Town Watch
18:30 Castle Age
16:34 Stone Mining
18:07 Gold Mining
19:44 Hand Cart
20:14 Bow Saw
22:57 Heavy Plow
24:40 Fletching
25:14 Padded Archer Armor
26:16 Ballistics
25:58 Bodkin Arrow
26:57 Leather Archer Armor
28:49 Fortified Wall
34:10 Imperial Age
33:18 Stone Shaft Mining
34:11 Elite Rattan Archer
36:05 Chemistry
36:04 Chatras
36:37 Paper Money
37:27 Bracer
37:57 Ring Archer Armor
38:30 Ring Archer Armor
41:30 Crop Rotation
41:45 Sappers
43:01 Hoardings
41:56 Sappers
45:22 Two-Man Saw
44:36 Elite Battle Elephant
47:54 Murder Holes
50:02 Elite Fire Lancer
52:47 Forging
52:37 Scale Mail Armor
52:26 Arson
52:44 Squires
52:54 Scale Barding Armor
54:37 Town Patrol
56:22 Iron Casting
56:02 Chain Mail Armor
55:54 Scale Barding Armor
59:30 Elite Skirmisher
60:18 Imperial Skirmisher
63:57 Thumb Ring
kao3385
12:20 Feudal Age
14:41 Horse Collar
14:47 Double-Bit Axe
17:59 Castle Age
17:50 Wheelbarrow
23:41 Heavy Plow
25:39 Bow Saw
25:40 Gold Mining
25:43 Stone Mining
25:41 Loom
27:33 Gold Shaft Mining
27:38 Stone Shaft Mining
33:22 Pikeman
34:06 Squires
34:20 Forging
34:11 Scale Mail Armor
35:09 Thumb Ring
34:29 Elite Skirmisher
35:53 Iron Casting
35:21 Padded Archer Armor
35:16 Fletching
36:34 Ballistics
39:39 Imperial Age
37:29 Chain Mail Armor
37:12 Bodkin Arrow
37:35 Leather Archer Armor
38:21 Arson
41:55 Halberdier
44:07 Ring Archer Armor
43:50 Bracer
45:35 Plate Mail Armor
46:33 Chemistry
Very ellegant player
11:08 Feudal Age
15:04 Castle Age
12:51 Double-Bit Axe
16:20 Bow Saw
21:19 Loom
22:19 Wheelbarrow
21:56 Horse Collar
25:28 Heavy Plow
25:22 Gold Mining
25:24 Stone Mining
28:53 Imperial Age
27:10 Hand Cart
27:45 Pikeman
28:25 Squires
28:39 Forging
28:29 Scale Mail Armor
28:37 Anarchy
30:12 Conscription
30:19 Chain Mail Armor
31:12 Crop Rotation
32:04 Two-Man Saw
32:34 Chemistry
32:20 Halberdier
33:10 Perfusion
32:33 Elite Huskarl
34:39 Iron Casting
38:32 Blast Furnace
48:59 Ballistics
48:52 Masonry
48:23 Treadmill Crane
Connection lost

Rejoining the realm…

Still unreachable

The connection could not be restored.

Session expired

The server has moved on; the page needs a fresh start.